 Dungeon Crawl Stone Soup version 0.21.1-1-g345015fe64 (webtiles) character file.

1213 Oravi the Slinger (level 8, 0/54 HPs)
             Began as a Halfling Hunter on Apr 18, 2018.
             Was an Initiate of Okawaru.
             Slain by a slime creature (19 damage)
             ... on level 5 of the Dungeon.
             The game lasted 00:15:26 (4779 turns).

Oravi the Slinger (Halfling Hunter)                 Turns: 4779, Time: 00:15:26

Health: 0/54       AC:  5    Str: 11 (13) XL:     8   Next: 74%
Magic:  8/8        EV: 15    Int:  9      God:    Okawaru [......]
Gold:   327        SH:  0    Dex: 15 (17) Spells: 7/7 levels left

rFire    . . .     SeeInvis .   a - +1 hunting sling
rCold    . . .     Gourm    .   (shield restricted)
rNeg     . . .     Faith    .   c - +1 leather armour
rPois    .         Spirit   .   g - +0 helmet
rElec    .         Reflect  .   (no cloak)
rCorr    .         Harm     .   (no gloves)
MR       +....                  (no boots)
Stlth    +++.......             (no amulet)
HPRegen  0.18/turn              o - ring of stealth
MPRegen  0.11/turn              s - ring of protection from magic

@: no status effects
A: small, mutation resistance 1
a: Renounce Religion


You were on level 5 of the Dungeon.
You worshipped Okawaru.
Okawaru was noncommittal.
You were not hungry.

You visited 2 branches of the dungeon, and saw 7 of its levels.

You collected 327 gold pieces.

Inventory:

Hand Weapons
 a - a +1 hunting sling (weapon)
 b - a +0 short sword
Missiles
 e - 80 stones (quivered)
Armour
 c - a +1 leather armour (worn)
 g - a +0 helmet (worn)
 u - a cursed +0 ring mail
 v - the +1 plate armour "Juurr" {+Blink rCorr, unknown}
   (You found it on level 5 of the Dungeon)

   It lets you blink.
   It protects you from acid and corrosion.
Jewellery
 k - an uncursed ring of ice
 n - an uncursed ring of resist corrosion
 o - a ring of stealth (left hand)
 s - a ring of protection from magic (right hand)
Scrolls
 d - a scroll of identify
 i - 4 scrolls of remove curse
 j - 2 scrolls of teleportation
 l - a scroll of magic mapping
Potions
 h - a potion of cancellation
 m - 2 potions of might
 p - a potion of berserk rage
 q - 2 potions of flight
 r - a potion of degeneration
Comestibles
 f - 12 rations


   Skills:
 + Level 3.6 Fighting
 * Level 4.9 Short Blades
 + Level 11.7 Slings
 + Level 2.6 Armour
 + Level 3.2 Dodging
 - Level 1.1 Stealth


You had 7 spell levels left.
You didn't know any spells.

Dungeon Overview and Level Annotations

Branches:
Dungeon (6/15)             Temple (1/1) D:6

Altars:
Ashenzari
Cheibriados
Dithmenos
Elyvilon
Gozag
Hepliaklqana
Kikubaaqudgha
Makhleb
Nemelex Xobeh
Okawaru
Qazlal
Ru
Sif Muna
Trog
Uskayaw
Vehumet
Wu Jian
Xom
Yredelemnul
Zin
The Shining One

Shops:
D:5 ?

Annotations:
D:4 martbhell's ghost, amateur MiBe


Innate Abilities, Weirdness & Mutations

You are small and have problems with some larger weapons.
You are somewhat resistant to further mutation.


Message History

You shoot a stone. The stone hits the slime creature.
The slime creature is lightly wounded.
The slime creature hits you!
Firing (i - inventory):
e - 82 stones (quivered)
Press: ? - help, Shift-Dir - straight line, f/p - slime creature
Aim: a slime creature (lightly wounded)
You shoot a stone. The stone hits the slime creature!
The slime creature is moderately wounded.
Firing (i - inventory):
e - 81 stones (quivered)
Press: ? - help, Shift-Dir - straight line, f/p - slime creature
Aim: a slime creature (moderately wounded)
You shoot a stone. The stone hits the slime creature.
The slime creature is moderately wounded.
The slime creature hits you!!
You are too injured to fight recklessly!
You are too injured to fight recklessly!
You are starving!
You eat one of the 13 rations.
That ration really hit the spot!
The slime creature hits you!!
You die...

#..........#.#.....#......#
#..........#....####......#
#..........######.........#
#.............# #.........#
#.....:.....#.###........>###
#...)..[.##>................#
########.##.#.##............#
#)##.#.##.....#......####
#......J@................
##.######.....#....).####
##((### #...(.#......#
#.(...# #.....#......#
##'('## #......#.....####
##...## #......####.###..
##.(...#####....####.###.#
#.......# #..............
#.......# ####.####.####.


You could see a slime creature.

Vanquished Creatures
  A slime creature (D:5)
  Menkaure (D:6)
  A black bear (D:6)
  A centaur (D:5)
  2 big kobolds (D:5)
  A bullfrog zombie (D:5)
  5 jellies (D:5)
  2 orc priests (D:5)
  3 orc wizards (D:5)
  2 iguanas
  A howler monkey skeleton (D:6)
  6 adders
  4 gnolls
  3 oozes
  3 worms
  6 dart slugs
  4 leopard geckos
  9 orcs
  3 bats
  4 giant cockroaches
  7 goblins
  13 hobgoblins
  2 jackals (D:3)
  13 kobolds
  A quokka (D:4)
  A ball python (D:3)
  3 frilled lizards
  2 leopard gecko skeletons (D:4)
  A quokka zombie (D:5)
  5 rats
110 creatures vanquished.

Vanquished Creatures (others)
  2 fungi (D:5)
  9 toadstools (D:5)
11 creatures vanquished.

Grand Total: 121 creatures vanquished

Notes
Turn   | Place    | Note
-------+----------+-------------------------------------------
     0 | D:1      | Oravi the Halfling Hunter began the quest for the Orb.
     0 | D:1      | Reached XP level 1. HP: 14/14 MP: 1/1
   132 | D:1      | Reached skill level 6 in Slings
   194 | D:1      | Reached XP level 2. HP: 19/19 MP: 2/2
   214 | D:1      | Reached skill level 1 in Short Blades
   231 | D:1      | Reached XP level 3. HP: 24/24 MP: 3/3
   755 | D:2      | Reached skill level 7 in Slings
   777 | D:2      | Reached XP level 4. HP: 29/29 MP: 4/4
  1302 | D:2      | Reached XP level 5. HP: 34/34 MP: 5/5
  1312 | D:2      | Reached skill level 8 in Slings
  2427 | D:4      | Noticed martbhell's ghost (amateur MiBe)
  2710 | D:4      | Reached XP level 6. HP: 39/39 MP: 6/6
  2913 | D:5      | Entered Level 5 of the Dungeon
  2913 | D:5      | Found Uphul's Magic Scroll Boutique.
  2980 | D:5      | Reached skill level 1 in Armour
  3000 | D:5      | Reached skill level 9 in Slings
  3414 | D:5      | Reached XP level 7. HP: 21/45 MP: 7/7
  3660 | D:5      | Reached skill level 10 in Slings
  3764 | D:5      | Got a faintly humming plate armour
  3808 | D:5      | Noticed a slime creature
  3808 | D:5      | Noticed a slime creature
  3843 | D:5      | Killed a slime creature
  3843 | D:5      | Reached XP level 8. HP: 46/52 MP: 8/8
  3874 | D:5      | Reached skill level 11 in Slings
  4211 | D:5      | You fall through a shaft!
  4270 | D:6      | Found a staircase to the Ecumenical Temple.
  4297 | Temple   | Entered the Ecumenical Temple
  4345 | Temple   | Became a worshipper of Warmaster Okawaru
  4696 | D:6      | Noticed Menkaure
  4703 | D:6      | Killed Menkaure
  4779 | D:5      | Slain by a slime creature

Skill      XL: |  1  2  3  4  5  6  7  8 |
---------------+-------------------------+-----
Slings         | 6 7 8 9 10 11 | 11.7
Short Blades   | 1 2 3 4 |  4.9
Fighting       | 2 3 |  3.6
Armour         | 2 |  2.6
Dodging        | 3 |  3.2
Stealth        | |  1.1

Action                   |  1- 3 |  4- 6 |  7- 9 || total
-------------------------+-------+-------+-------++-------
 Fire: Hunting sling     |    50 |   266 |   136 ||   452
  Use: Scroll            |     3 |     8 |     1 ||    12
       Potion            |       |     2 |     1 ||     3
  Eat: Chunk             |       |     7 |     2 ||     9
       Ration            |       |       |     1 ||     1
Armor: Leather armour    |     2 |     7 |     8 ||    17
Dodge: Dodged            |     5 |    53 |    29 ||    87
